Map: Dusk Towers

Players

MorN

  • Race: Terran Terran
  • League: Diamond

InZo - Winner!

  • Race: Protoss Protoss
  • League: Diamond

VOD

Have the link to the VOD?

Description

Time

  • Played on: Nov. 17, 2015, 2:31 a.m.
  • Length: 5:37
Show
View Real Time Build Order
Export as new Build Order

MorN Terran 

Build Orders:  

Get SALT Encoding   

  12  0:01  SCV  
  13  0:14  SCV  
  14  0:19  Supply Depot  
  14  0:26  SCV  
  15  0:40  SCV  
  15  0:42  Barracks  
  16  0:46  Refinery  
  16  0:52  SCV  
  17  1:04  SCV  
  18  1:16  SCV  
  19  1:29  Marine  
  19  1:30  Orbital Command  
  20  1:44  Command Center  
  20  1:47  Marine  
  21  1:57  Factory  
  21  2:02  SCV  
  22  2:09  Supply Depot  
  22  2:14  Marine  
  23  2:30  SCV  
  23  2:33  Marine  
  25  2:41  Factory Tech Lab  
  25  2:43  SCV  
  26  2:53  Marine  
  26  2:57  Orbital Command  
  27  2:59  SCV  
  27  3:02  Cyclone  
  31  3:08  Barracks  
  31  3:11  SCV  
  32  3:13  Marine  
  32  3:14  Refinery  
  33  3:23  SCV, Supply Depot  
  33  3:24  SCV  
  35  3:35  SCV  
  35  3:36  SCV  
  37  3:47  SCV  
  38  3:49  SCV  
  38  3:53  Barracks  
  39  3:57  Starport  
  39  3:59  SCV  
  39  4:01  Refinery  
  40  4:06  SCV  
  40  4:07  Command Center  
  41  4:12  Engineering Bay  
  41  4:18  SCV  
  41  4:19  SCV  
  41  4:21  Supply Depot, Barracks Tech Lab  
  41  4:23  Factory Reactor  
  43  4:30  SCV  
  43  4:31  SCV  
  45  4:37  Medivac  
  47  4:43  SCV  
  41  5:00  Marine  
  41  5:01  Marine x2  
  41  5:02  Widow Mine  
  36  5:23  SCV  
Show
View Real Time Build Order
Export as new Build Order

InZo Protoss - Winner!

Build Orders:  

Get SALT Encoding   

  12  0:01  Probe (Chrono Boost)  
  13  0:11  Probe (Chrono Boost)  
  14  0:17  Pylon  
  14  0:22  Probe (Chrono Boost)  
  15  0:30  Assimilator  
  15  0:36  Probe (Chrono Boost)  
  16  0:42  Gateway  
  16  0:46  Probe (Chrono Boost)  
  17  0:57  Assimilator  
  17  0:59  Probe (Chrono Boost)  
  18  1:09  Probe (Chrono Boost)  
  19  1:20  Probe (Chrono Boost)  
  20  1:30  Cybernetics Core, Probe (Chrono Boost)  
  21  1:40  Pylon  
  21  1:41  Probe (Chrono Boost)  
  21  1:42  Pylon  
  22  1:51  Probe (Chrono Boost)  
  23  2:06  Mothership Core (Chrono Boost), Warp Gate (Chrono Boost)  
  25  2:11  Robotics Facility  
  25  2:24  Gateway  
  25  2:35  Sentry  
  27  2:39  Gateway  
  27  2:41  Pylon  
  31  2:58  Immortal (Chrono Boost)  
  31  3:10  Adept  
  31  3:11  Adept  
  35  3:27  Adept  
  37  3:33  Immortal (Chrono Boost)  
  41  4:07  Observer (Chrono Boost)  
  41  4:08  Adept x2, Pylon  
  45  4:21  Adept  
  47  4:26  Warp Prism (Chrono Boost)  
  49  4:33  Pylon  
  49  4:34  Adept  
  49  4:35  Adept  
  49  5:12  Adept x3  
  53  5:34  Adept  
  53  5:35  Adept x2  
Tags
 
Add a new tag
Caveats
  • Supply blocks, unpowered buildings, or Contaminate may cause inaccurate times.
  • Supply counts are checked every 10 seconds.